 Dungeon Crawl Stone Soup version 0.26-a0-547-g695e311587 (webtiles) character file.

Game seed: 12190512203977354999

10927 Aksej the Nimble (level 11, -1/80 HPs)
             Began as a Gnoll Monk on Aug 20, 2020.
             Was a High Priest of Hepliaklqana.
             Slain by an enormous slime creature (80 damage)
             ... on level 12 of the Dungeon.
             The game lasted 00:32:14 (11400 turns).

Aksej the Nimble (Gnoll Monk)                      Turns: 11400, Time: 00:32:14

Health: -1/80      AC: 11    Str: 16    XL:     11   Next: 69%
Magic:  20/20      EV: 16    Int: 18    God:    Hepliaklqana [*****.]
Gold:   592        SH: 17    Dex: 23    Spells: 23/23 levels left

rFire    + . .     SeeInvis +   a - +4 short sword (flame)
rCold    + . .     Faith    .   n - +2 tower shield
rNeg     . . .     Spirit   .   w - +2 leather armour of Greater Demons {rPois SInv}
rPois    +         Reflect  .   k - +0 helmet
rElec    +         Harm     .   h - scarf {rC+ rF+}
rCorr    .                      D - +0 pair of gloves
MR       +....                  t - +2 pair of boots
Stlth    ++++......             (no amulet)
HPRegen  0.23/turn              r - ring of protection from magic
MPRegen  0.17/turn              E - ring "Debecw" {*Slow +Fly rElec rPois Int+6}

@: no status effects
A: distributed training, reduced essence, fangs 1, hooves 1, agile 1, poison
resistance, strong 1, strong nose
a: Recall Ancestor, Ancestor Identity, Transference, Idealise, Renounce
Religion, Evoke Flight


You were on level 12 of the Dungeon.
You worshipped Hepliaklqana.
Hepliaklqana was extremely pleased with you.
You visited 1 branch of the dungeon, and saw 12 of its levels.
You also visited: Ossuary.

You collected 592 gold pieces.

Inventory:

Hand Weapons
 a - a +4 short sword of flaming (weapon)
Missiles
 g - a boomerang (quivered)
 q - a boomerang of dispersal
Armour
 h - a scarf of resistance (worn)
 k - a +0 helmet (worn)
 n - a +2 tower shield (worn)
 t - a +2 pair of boots (worn)
 w - the +2 leather armour of Greater Demons (worn) {rPois SInv}
   (You found it on level 7 of the Dungeon)

   It protects you from poison.
   It lets you see invisible.
 D - a +0 pair of gloves (worn)
Jewellery
 r - a ring of protection from magic (left hand)
 y - an uncursed ring of magical power
 B - an uncursed ring of protection from fire
 E - the ring "Debecw" (right hand) {*Slow +Fly rElec rPois Int+6}
   (You acquired it on level 9 of the Dungeon)

   [ring of flight]

   It affects your intelligence (+6).
   It insulates you from electricity.
   It protects you from poison.
   It lets you fly.
   It may slow you when you take damage.
 H - an uncursed ring of stealth
Wands
 m - a wand of flame (28)
 s - a wand of polymorph (6)
 z - a wand of acid (8)
 F - a wand of iceblast (8)
Scrolls
 f - 7 scrolls of amnesia
 j - 6 scrolls of remove curse
 o - 5 scrolls of teleportation
 p - 3 scrolls of fear
 u - 2 scrolls of magic mapping
 v - 4 scrolls of blinking
 G - a scroll of identify
 I - a scroll of fog
Potions
 b - a potion of berserk rage
 c - a potion of magic
 d - 2 potions of brilliance
 e - 7 potions of curing
 i - a potion of invisibility
 l - a potion of haste
 x - 4 potions of heal wounds
 A - a potion of lignification
 C - a potion of flight


   Skills:
 + Level 9.3 Fighting
 + Level 6.5 Short Blades
 + Level 6.5 Long Blades
 + Level 6.5 Axes
 + Level 9.3 Maces & Flails
 + Level 6.5 Polearms
 + Level 6.5 Staves
 + Level 6.5 Slings
 + Level 6.5 Bows
 + Level 6.5 Crossbows
 + Level 6.5 Throwing
 + Level 6.5 Armour
 + Level 9.3 Dodging
 + Level 7.8 Stealth
 + Level 6.5 Shields
 + Level 6.5 Unarmed Combat
 + Level 6.5 Spellcasting
 + Level 5.4 Conjurations
 + Level 5.4 Hexes
 + Level 5.4 Summonings
 + Level 5.4 Necromancy
 + Level 5.4 Translocations
 + Level 5.4 Transmutations
 + Level 5.4 Fire Magic
 + Level 5.4 Ice Magic
 + Level 5.4 Air Magic
 + Level 5.4 Earth Magic
 + Level 5.4 Poison Magic
 + Level 7.2 Invocations
 + Level 6.5 Evocations


You had 23 spell levels left.
You didn't know any spells.
Your spell library contained the following spells:

 Spells                   Type           Power        Failure   Level
 Magic Dart               Conj           ####         16%         1
 Sandblast                Erth           ####..       16%         1
 Blink                    Tloc           N/A          24%         2
 Call Imp                 Summ           ####....     24%         2
 Passwall                 Tmut/Erth      ####....     24%         2
 Slow                     Hex            ####....     24%         2
 Conjure Flame            Conj/Fire      ####....     43%         3
 Mephitic Cloud           Conj/Pois/Air  ####....     43%         3
 Stone Arrow              Conj/Erth      ####..       43%         3
 Petrify                  Tmut/Erth      ####....     85%         4
 Lee's Rapid Deconstruct  Erth           ####......   99%         5


Dungeon Overview and Level Annotations

Branches:
Dungeon (12/15)            Temple (0/1) D:6            Lair (0/6) D:11
    Orc (0/2) D:10        Ossuary (visited)

Altars:
Ashenzari
Cheibriados
Dithmenos
Elyvilon
Gozag
Hepliaklqana
Makhleb
Trog
Wu Jian
Xom
Yredelemnul
Zin


Innate Abilities, Weirdness & Mutations

Your experience applies equally to all skills.
You have very sharp teeth.
Your uncanny sense of smell can sniff out nearby items.
Your life essence is reduced to manifest your ancestor. (-10% HP)
You have large cloven feet.
You are agile. (Dex +2)
Your system is resistant to poisons. (rPois)
Your muscles are strong. (Str +2)


Message History

You hit the steam dragon. You burn the steam dragon.
You bite the steam dragon, but do no damage.
The steam dragon is moderately wounded.
You hit the enormous slime creature. You burn the enormous slime creature.
The enormous slime creature is lightly wounded.
You hit the enormous slime creature. You burn the enormous slime creature.
The enormous slime creature is lightly wounded.
You block the enormous slime creature's attack.
You hit the enormous slime creature. You burn the enormous slime creature.
The enormous slime creature is lightly wounded.
You block the enormous slime creature's attack.
You hit the enormous slime creature but do no damage.
The enormous slime creature is lightly wounded.
You block the enormous slime creature's attack.
Your shield prevents you from hitting the enormous slime creature.
You bite the enormous slime creature.
The enormous slime creature is lightly wounded.
The enormous slime creature hits you!!!!
Ouch! That really hurt!
You die...

#.....##......#####
#.......#.....##..........#
#.......#....^##..........#
#..!...!#.....##..........#
........#.....#######.....#
#.[.....###.#.# #.....#
........Y##...# #.....#
.......Yy###..#######.....#
.......YDJ@..>.............
.......Y######....#########
.#.#.#### #.......# #.... #
#.##....# #.### # #....#
#.... ##.#... ####. #.####.
#. #.. #. #.


You could see an enormous slime creature, 3 yaks, a steam dragon and a vampire
mosquito.

Vanquished Creatures
  A two-headed ogre (D:9)
  2 trolls (D:11)
  A hornet (D:10)
  A hippogriff (D:10)
  2 shadows (D:10)
  2 wraiths
  7 yaks
  A water moccasin (D:11)
  A hornet zombie (D:8)
  2 ice beasts
  2 orc warriors
  A sky beast (D:11)
  A phantom (D:6)
  2 ogres
  2 necrophages
  3 wolves (D:11)
  2 centaurs
  A big kobold (D:11)
  An elf zombie (Ossuary)
  6 bullfrogs
  A water moccasin zombie (D:10)
  3 scorpions
  4 killer bees (D:10)
  A howler monkey (D:11)
  A wight (D:11)
  A jelly (D:5)
  3 centaur zombies
  A quasit (D:11)
  5 hounds
  A centaur skeleton (D:5)
  5 human zombies
  An orc priest (D:10)
  Natasha (twice) (D:3)
  2 iguanas
  6 worker ants
  3 orc wizards
  2 ogre zombies (D:10)
  A big kobold zombie (Ossuary)
  A hound zombie (D:5)
  6 mummies
  A worker ant zombie (D:10)
  3 gnolls
  13 adders
  A shadow imp (D:7)
  2 white imps
  An ufetubus (D:5)
  3 oozes
  3 adder zombies
  3 worms (D:2)
  2 dart slugs
  5 leopard geckos
  20 orcs
  5 giant cockroaches
  11 hobgoblins
  18 jackals
  A quokka (D:4)
  A ball python skeleton (D:4)
  9 bats
  7 frilled lizards
  14 goblins
  2 goblin skeletons (D:10)
  7 goblin zombies
  4 hobgoblin zombies
  A jackal skeleton (D:4)
  3 jackal zombies
  14 kobolds
  A kobold zombie (Ossuary)
  A leopard gecko skeleton (D:5)
  An orc skeleton (D:10)
  10 orc zombies
  2 quokka skeletons
  A quokka zombie (Ossuary)
  8 rats
  3 rat zombies (Ossuary)
272 creatures vanquished.

Vanquished Creatures (collateral kills)
  An ugly thing (D:11)
  2 slime creatures (D:12)
  2 hippogriffs
  A shadow (D:10)
  A soldier ant (D:11)
  A phantom (D:5)
  An eye of draining (D:11)
  2 sky beasts
  A necrophage (D:11)
  2 ogres
  A wolf (D:11)
  2 centaurs
  5 bullfrogs
  A big kobold (D:9)
  An elf skeleton (D:8)
  A scorpion (D:6)
  A wyvern skeleton (D:4)
  2 troll zombies
  2 wights (D:11)
  3 howler monkeys (D:7)
  A bullfrog zombie (D:6)
  5 orc wizards
  5 hounds
  An orc priest (D:5)
  2 iguanas
  Natasha (D:3)
  A worker ant (D:9)
  3 ogre zombies (D:10)
  A big kobold zombie (Ossuary)
  2 mummies
  Robin (D:4)
  4 gnolls
  3 adders
  2 white imps
  An adder zombie (Ossuary)
  A leopard gecko (D:5)
  8 orcs
  3 goblins (D:4)
  A quokka (D:6)
  A hobgoblin zombie (Ossuary)
  4 jackal zombies (Ossuary)
  3 kobolds
  3 kobold zombies (Ossuary)
  3 orc zombies (D:10)
  3 quokka zombies (Ossuary)
  2 rat zombies (Ossuary)
98 creatures vanquished.

Vanquished Creatures (others)
  4 battlemagi
4 creatures vanquished.

Grand Total: 374 creatures vanquished

Notes
Turn   | Place    | Note
-------+----------+-------------------------------------------
     0 | D:1      | Aksej the Gnoll Monk began the quest for the Orb.
     0 | D:1      | Reached XP level 1. HP: 23/23 MP: 1/1
   106 | D:1      | Reached XP level 2. HP: 25/29 MP: 2/2
   643 | D:1      | Reached XP level 3. HP: 35/35 MP: 3/3
   860 | D:2      | Reached skill level 1 in Invocations
  1033 | D:2      | Reached skill level 1 in Short Blades
  1033 | D:2      | Reached skill level 1 in Long Blades
  1033 | D:2      | Reached skill level 1 in Axes
  1033 | D:2      | Reached skill level 1 in Polearms
  1033 | D:2      | Reached skill level 1 in Staves
  1033 | D:2      | Reached skill level 1 in Slings
  1033 | D:2      | Reached skill level 1 in Bows
  1033 | D:2      | Reached skill level 1 in Crossbows
  1033 | D:2      | Reached skill level 1 in Throwing
  1033 | D:2      | Reached skill level 1 in Armour
  1033 | D:2      | Reached skill level 1 in Shields
  1033 | D:2      | Reached skill level 1 in Unarmed Combat
  1033 | D:2      | Reached skill level 1 in Spellcasting
  1033 | D:2      | Reached skill level 1 in Evocations
  1046 | D:2      | Reached XP level 4. HP: 41/41 MP: 5/5
  1145 | D:2      | Found a shattered altar of Ashenzari.
  1167 | D:2      | Reached skill level 1 in Conjurations
  1167 | D:2      | Reached skill level 1 in Hexes
  1167 | D:2      | Reached skill level 1 in Summonings
  1167 | D:2      | Reached skill level 1 in Necromancy
  1167 | D:2      | Reached skill level 1 in Translocations
  1167 | D:2      | Reached skill level 1 in Transmutations
  1167 | D:2      | Reached skill level 1 in Fire Magic
  1167 | D:2      | Reached skill level 1 in Ice Magic
  1167 | D:2      | Reached skill level 1 in Air Magic
  1167 | D:2      | Reached skill level 1 in Earth Magic
  1167 | D:2      | Reached skill level 1 in Poison Magic
  1532 | D:2      | Reached XP level 5. HP: 39/47 MP: 6/6
  1698 | D:2      | Found a bloodstained altar of Trog.
  2154 | D:3      | Noticed a centaur
  2164 | D:3      | Killed a centaur
  2164 | D:3      | Reached XP level 6. HP: 8/53 MP: 8/8
  2505 | D:3      | Noticed Natasha
  2512 | D:3      | Killed Natasha
  2710 | D:3      | Found an opulent altar of Gozag.
  2760 | D:3      | Noticed Natasha
  2765 | D:3      | Killed Natasha
  2826 | D:3      | Found a hazy altar of Hepliaklqana.
  2826 | D:3      | Found a shadowy altar of Dithmenos.
  2827 | D:3      | Found a glowing silver altar of Zin.
  2828 | D:3      | Found a burning altar of Makhleb.
  2833 | D:3      | Became a worshipper of Hepliaklqana the Forgotten
  2833 | D:3      | Reached * piety under Hepliaklqana
  2833 | D:3      | Reached ** piety under Hepliaklqana
  2834 | D:3      | Remembered your ancestor Ahmose as a battlemage
  2901 | D:3      | Noticed Natasha
  2909 | D:3      | Killed Natasha
  3135 | D:4      | Reached XP level 7. HP: 21/53 MP: 10/10
  3136 | D:4      | Noticed Robin
  3142 | D:4      | Killed Robin
  4013 | D:5      | Entered Level 5 of the Dungeon
  4013 | D:5      | Found a shimmering altar of Xom.
  4023 | D:5      | Found a shimmering altar of Xom.
  4024 | D:5      | Found a shimmering altar of Xom.
  4024 | D:5      | Found a shimmering altar of Xom.
  4026 | D:5      | Found a shimmering altar of Xom.
  4026 | D:5      | Found a shimmering altar of Xom.
  4030 | D:5      | Reached skill level 5 in Stealth
  4044 | D:5      | Found a shimmering altar of Xom.
  4207 | D:5      | Reached XP level 8. HP: 60/60 MP: 12/12
  4336 | D:5      | Found a snail-covered altar of Cheibriados.
  4635 | D:5      | Reached *** piety under Hepliaklqana
  5052 | D:6      | Noticed a hippogriff
  5057 | D:6      | Killed a hippogriff
  5095 | D:6      | Found an ornate altar of the Wu Jian Council.
  5231 | D:6      | Reached XP level 9. HP: 56/64 MP: 14/14
  5439 | D:6      | Found a staircase to the Ecumenical Temple.
  6112 | D:7      | Got a smelly leather armour
  6123 | D:7      | Identified the +2 leather armour of Greater Demons {rPois
                  | SInv} (You found it on level 7 of the Dungeon)
  6263 | D:7      | Reached **** piety under Hepliaklqana
  6425 | D:7      | Found a white marble altar of Elyvilon.
  6834 | D:8      | Reached skill level 5 in Invocations
  6851 | D:8      | Found a sand-covered staircase.
  6867 | Ossuary  | Entered an ossuary
  7261 | D:8      | Reached XP level 10. HP: 72/72 MP: 17/17
  7351 | D:8      | Gained mutation: You are frail. (-10% HP) [potion of
                  | mutation]
  7351 | D:8      | Gained mutation: Your mind is acute. (Int +2) [potion of
                  | mutation]
  7351 | D:8      | Gained mutation: You tend to lose your temper in combat.
                  | [potion of mutation]
  7351 | D:8      | Gained mutation: Your mind is very acute. (Int +4) [potion
                  | of mutation]
  7352 | D:8      | Lost mutation: You are frail. (-10% HP) [potion of
                  | mutation]
  7352 | D:8      | Lost mutation: Your mind is very acute. (Int +4) [potion of
                  | mutation]
  7352 | D:8      | Gained mutation: You have large cloven feet. [potion of
                  | mutation]
  7352 | D:8      | Gained mutation: You are agile. (Dex +2) [potion of
                  | mutation]
  7352 | D:8      | Gained mutation: You are somewhat resistant to further
                  | mutation. [potion of mutation]
  7352 | D:8      | Gained mutation: Your system is resistant to poisons.
                  | (rPois) [potion of mutation]
  7587 | D:8      | Found a basalt altar of Yredelemnul.
  7703 | D:8      | Reached skill level 5 in Short Blades
  7703 | D:8      | Reached skill level 5 in Long Blades
  7703 | D:8      | Reached skill level 5 in Axes
  7703 | D:8      | Reached skill level 5 in Polearms
  7703 | D:8      | Reached skill level 5 in Staves
  7703 | D:8      | Reached skill level 5 in Slings
  7703 | D:8      | Reached skill level 5 in Bows
  7703 | D:8      | Reached skill level 5 in Crossbows
  7703 | D:8      | Reached skill level 5 in Throwing
  7703 | D:8      | Reached skill level 5 in Armour
  7703 | D:8      | Reached skill level 5 in Shields
  7703 | D:8      | Reached skill level 5 in Unarmed Combat
  7703 | D:8      | Reached skill level 5 in Spellcasting
  7703 | D:8      | Reached skill level 5 in Evocations
  8004 | D:9      | Noticed a two-headed ogre
  8011 | D:9      | Killed a two-headed ogre
  8353 | D:9      | Reached ***** piety under Hepliaklqana
  8469 | D:9      | Found a burning altar of Makhleb.
  8469 | D:9      | Noticed an Executioner
  8822 | D:9      | Identified a scroll of acquirement
  8822 | D:9      | Acquired the ring "Debecw" {*Slow +Fly rElec rPois Int+6}
  8844 | D:10     | Entered Level 10 of the Dungeon
  9178 | D:10     | Reached XP level 11. HP: 78/78 MP: 19/19
  9431 | D:10     | Found a staircase to the Orcish Mines.
  9453 | D:10     | Reached skill level 5 in Conjurations
  9453 | D:10     | Reached skill level 5 in Hexes
  9453 | D:10     | Reached skill level 5 in Summonings
  9453 | D:10     | Reached skill level 5 in Necromancy
  9453 | D:10     | Reached skill level 5 in Translocations
  9453 | D:10     | Reached skill level 5 in Transmutations
  9453 | D:10     | Reached skill level 5 in Fire Magic
  9453 | D:10     | Reached skill level 5 in Ice Magic
  9453 | D:10     | Reached skill level 5 in Air Magic
  9453 | D:10     | Reached skill level 5 in Earth Magic
  9453 | D:10     | Reached skill level 5 in Poison Magic
 10133 | D:11     | Lost mutation: You are somewhat resistant to further
                  | mutation. [potion of mutation]
 10133 | D:11     | Lost mutation: You tend to lose your temper in combat.
                  | [potion of mutation]
 10133 | D:11     | Lost mutation: Your mind is acute. (Int +2) [potion of
                  | mutation]
 10133 | D:11     | Lost mutation: You have large cloven feet. [potion of
                  | mutation]
 10133 | D:11     | Gained mutation: Your muscles are strong. (Str +2) [potion
                  | of mutation]
 10133 | D:11     | Gained mutation: You have large cloven feet. [potion of
                  | mutation]
 10397 | D:11     | Found an opulent altar of Gozag.
 10688 | D:11     | Found a staircase to the Lair.
 10756 | D:11     | Noticed a red ugly thing
 10769 | D:11     | Killed a red ugly thing
 11400 | D:12     | Slain by an enormous slime creature

Illustrated notes

Levels and vault maps discovered:
D:1:      dpeg_arrival_simpleton_a, layout_basic
D:2:      wad_river_or_something, layout_basic, ashenzari_conservatory_becter,
          trog_hazing_becter
D:3:      layout_loops_ring, chequers_temple_overflow_statue_of_worship,
          old_standard_altar, uniq_natasha
D:4:      layout_cave_pools, kennysheep_generic_room_4, uniq_robin
D:5:      layout_basic, nicolae_xom_altar_mimics, nicolae_overflow_crystal_walls
D:6:      layout_loops_ring, old_standard_altar, minmay_temple_entry_crystal_x
D:7:      layout_cave_pods, lemuel_doored_altar
D:8:      layout_loops_ring, lemuel_mausoleum_altar_yredelemnul,
          nicolae_ossuary_entry_giza, hangedman_abyss_or_decor_stabs
D:9:      layout_gridville, makhleb_altar_promises_db
D:10:     layout_loops_ring, zombieorc1_lemuel
D:11:     layout_loops_ring, erik_lair_island, grunt_gozag_breadcrumbs
D:12:     layout_basic, minmay_guarded_unrand_finisher

Skill      XL: |  1  2  3  4  5  6  7  8  9 10 11 |
---------------+----------------------------------+-----
Invocations    | 1 2 3 4 5 6 7 |  7.2
Short Blades   | 1 2 3 4 5 6 |  6.5
Long Blades    | 1 2 3 4 5 6 |  6.5
Axes           | 1 2 3 4 5 6 |  6.5
Polearms       | 1 2 3 4 5 6 |  6.5
Staves         | 1 2 3 4 5 6 |  6.5
Slings         | 1 2 3 4 5 6 |  6.5
Bows           | 1 2 3 4 5 6 |  6.5
Crossbows      | 1 2 3 4 5 6 |  6.5
Throwing       | 1 2 3 4 5 6 |  6.5
Armour         | 1 2 3 4 5 6 |  6.5
Shields        | 1 2 3 4 5 6 |  6.5
Unarmed Combat | 1 2 3 4 5 6 |  6.5
Spellcasting   | 1 2 3 4 5 6 |  6.5
Evocations     | 1 2 3 4 5 6 |  6.5
Conjurations   | 1 2 3 4 5 |  5.4
Hexes          | 1 2 3 4 5 |  5.4
Summonings     | 1 2 3 4 5 |  5.4
Necromancy     | 1 2 3 4 5 |  5.4
Translocations | 1 2 3 4 5 |  5.4
Transmutations | 1 2 3 4 5 |  5.4
Fire Magic     | 1 2 3 4 5 |  5.4
Ice Magic      | 1 2 3 4 5 |  5.4
Air Magic      | 1 2 3 4 5 |  5.4
Earth Magic    | 1 2 3 4 5 |  5.4
Poison Magic   | 1 2 3 4 5 |  5.4
Fighting       | 7 8 9 |  9.3
Maces & Flails | 7 8 9 |  9.3
Dodging        | 7 8 9 |  9.3
Stealth        | 5 6 7 |  7.8

Action                   |  1- 3 |  4- 6 |  7- 9 | 10-12 || total
-------------------------+-------+-------+-------+-------++-------
Melee: Mace              |    60 |       |       |       ||    60
       Bite              |     5 |    15 |    53 |    83 ||   156
       Short sword       |    25 |   185 |   346 |   448 ||  1004
       Punch             |       |     1 |    12 |       ||    13
Throw: Boomerang         |       |     3 |     7 |       ||    10
Invok: Ancestor Life: Ba |       |     1 |       |       ||     1
  Use: Scroll            |     5 |     4 |    11 |     8 ||    28
       Potion            |     3 |     2 |     1 |     6 ||    12
 Stab: Sleeping          |    14 |     6 |     9 |    29 ||    58
       Invisible         |     1 |       |       |       ||     1
       Distracted        |       |       |     1 |     5 ||     6
Armor: Robe              |     8 |       |       |       ||     8
       Leather armour    |     3 |    42 |    46 |    38 ||   129
       Chain mail        |       |       |    94 |       ||    94
Dodge: Dodged            |    57 |   142 |   205 |   135 ||   539
Block: Tower shield      |       |       |     9 |   314 ||   323

Table legend: (Time is in decaauts)
 A = Elapsed time spent in this place.
 B = Non-inter-level travel time spent in this place.
 C = Inter-level travel time spent in this place.
 D = Time resting spent in this place.
 E = Time spent auto-exploring this place.
 F = Levels seen in this place.
 G = Mean time per level.
                   A        B        C        D        E       F      G
               +--------+--------+--------+--------+--------+-----+--------+
         Total |  11377 |  11211 |    166 |      0 |   8917 |  13 |  875.2 |
       Dungeon |  11087 |  10921 |    166 |      0 |   8754 |  12 |  923.9 |
       Ossuary |    289 |    289 |      0 |      0 |    163 |   1 |  289.0 |
               +--------+--------+--------+--------+--------+-----+--------+

Top non-repeatable levels by time:
    D:10: 1232 daAuts
    D:11: 1174 daAuts
     D:2: 1134 daAuts
     D:3: 1111 daAuts
     D:5: 1010 daAuts
     D:7: 938 daAuts
     D:4: 928 daAuts
     D:8: 873 daAuts
     D:6: 854 daAuts
     D:1: 850 daAuts
     D:9: 837 daAuts
 Ossuary: 289 daAuts
    D:12: 140 daAuts
